AoeStats
← Pfnatsch

Nomad

509320167Analyzed
3v3 RM · 5d ago on Sep 26, 2026· 50m 47s· 6 players
Game mode
Random Map
Map size
210×210
Population
200
Speed
Normal
Resources
Standard
Victory
Conquest
Starting age
Dark Age
Ending age
Imperial Age
RankedLock teamsTeams togetherTeam positionsShared explorationLock speedFull tech treeHidden civsTurbo modeCheats
Victory
Defeat
🇩🇪 Danes · Germany
1304
+11
🇩🇪 Varangians · Germany
1295
+11
🇩🇪 Spanish · Germany
1236
+14
🇹🇼 Huns · Taiwan
1204
-13
🇳🇴 Armenians · Norway
1201
-12
🇩🇪 Goths · Germany
1156
-11
姜午陽
3:06 Loom
15:52 Feudal Age
19:38 Castle Age
17:49 Scale Barding Armor
17:54 Forging
19:16 Bloodlines
19:51 Double-Bit Axe
20:43 Chain Barding Armor
22:15 Husbandry
30:11 Horse Collar
35:00 Scale Mail Armor
34:52 Pikeman
37:25 Heavy Plow
42:12 Wheelbarrow
42:49 Iron Casting
44:34 Fletching
Jorgen
3:00 Loom
14:35 Feudal Age
20:35 Castle Age
21:42 Castle Age
20:37 Scale Mail Armor
23:49 Wheelbarrow
24:46 Horse Collar
26:51 Double-Bit Axe
27:45 Scale Mail Armor
32:43 Squires
34:48 Arson
36:21 Fervor
38:22 Forging
39:15 Sanctity
39:57 Chain Mail Armor
Eric212
3:01 Loom
14:05 Feudal Age
15:03 Double-Bit Axe
15:40 Fishing Lines
19:11 Gold Mining
19:30 Horse Collar
22:34 Castle Age
20:40 Stone Mining
24:38 Wheelbarrow
23:54 Pikeman
24:35 Squires
25:16 Bow Saw
25:09 Heavy Plow
26:07 Stone Shaft Mining
26:35 Hand Cart
35:43 Imperial Age
34:11 Forging
34:02 Scale Mail Armor
36:43 Iron Casting
36:24 Chain Mail Armor
36:58 Halberdier
38:00 Conscription
39:20 Perfusion
39:20 Anarchy
39:09 Elite Huskarl
44:13 Blast Furnace
43:28 Chain Mail Armor
46:41 Chemistry
45:52 Masonry
45:16 Man-at-Arms
45:39 Long Swordsman
48:57 Two-Handed Swordsman
49:13 Champion
Pfnatsch
5:14 Loom
13:18 Feudal Age
14:32 Fishing Lines
16:47 Double-Bit Axe
21:28 Castle Age
19:22 Fletching
19:46 Gold Mining
22:22 Bodkin Arrow
23:30 Bow Saw
24:03 Wheelbarrow
25:52 Gold Shaft Mining
25:43 Gillnets
26:46 Hand Cart
26:58 Squires
26:59 Scale Mail Armor
27:10 Forging
28:10 Gambesons
28:11 Arson
28:42 Chain Mail Armor
28:34 Horse Collar
30:15 Iron Casting
37:24 Imperial Age
35:36 Town Watch
37:07 Masonry
37:18 Ballistics
36:20 Hamask
38:59 Conscription
39:21 Elite Varangian Guard
40:34 Plate Mail Armor
44:51 Blast Furnace
43:53 Bracer
43:59 Siege Engineers
46:45 Chemistry
45:41 Murder Holes
47:10 Padded Archer Armor
big ritard pleyer
10:08 Loom
16:04 Feudal Age
16:41 Double-Bit Axe
20:31 Castle Age
19:57 Fletching
20:08 Padded Archer Armor
20:44 Pikeman
33:30 Wheelbarrow
34:05 Bow Saw
37:16 Horse Collar
38:28 Heavy Plow
38:48 Bloodlines
38:39 Husbandry
40:38 Forging
40:28 Scale Mail Armor
40:38 Forging
42:28 Iron Casting
41:58 Scale Barding Armor
42:57 Bodkin Arrow
44:20 Gold Mining
44:21 Stone Mining
47:09 Imperial Age
44:58 Hand Cart
49:15 Chain Barding Armor
49:56 Blast Furnace
Spirit
4:37 Loom
13:51 Feudal Age
14:54 Man-at-Arms
18:08 Fletching
22:52 Double-Bit Axe
23:12 Horse Collar
26:18 Castle Age
25:37 Forging
25:32 Scale Barding Armor
26:52 Bloodlines
26:39 Fishing Lines
29:35 Iron Casting
29:20 Chain Barding Armor
35:32 Husbandry
44:19 Wheelbarrow
46:23 Imperial Age
43:22 Light Cavalry
48:01 Cavalier
50:40 Blast Furnace
Connection lost

Rejoining the realm…

Still unreachable

The connection could not be restored.

Session expired

The server has moved on; the page needs a fresh start.